 Dungeon Crawl Stone Soup version 0.23.0-3-gf3c87f2 (webtiles) character file.

Game seed: 17692123449849095264

1211 vishdafish the Covert (level 8, -3/96 HPs)
             Began as a Gnoll Assassin on Feb 20, 2019.
             Was a Follower of Yredelemnul.
             Killed by divine providence
             ... invoked by an orc priest
              (14 damage)
             ... on level 5 of the Dungeon.
             The game lasted 00:14:06 (6708 turns).

vishdafish the Covert (Gnoll Assassin)              Turns: 6708, Time: 00:14:08

Health: -3/96      AC: 24    Str: 14    XL:     8   Next: 46%
Magic:  12/12      EV:  2    Int: 15    God:    Yredelemnul [*.....]
Gold:   313        SH:  0    Dex: 17    Spells: 13/13 levels left

rFire    . . .     SeeInvis .   t - +0 trident
rCold    . . .     Gourm    .   (no shield)
rNeg     + + +     Faith    .   (armour currently unavailable)
rPois    +         Spirit   .   (helmet currently unavailable)
rElec    .         Reflect  .   (cloak currently unavailable)
rCorr    .         Harm     .   (gloves currently unavailable)
MR       .....     NoTele   +   (boots currently unavailable)
Stlth    ++++......             (no amulet)
HPRegen  0.26/turn              (no ring)
MPRegen  0.13/turn              (no ring)

@: tree-form, slowed, very slow
A: distributed training, strong nose
a: Animate Remains, Renounce Religion


You were on level 5 of the Dungeon.
You worshipped Yredelemnul.
Yredelemnul was aware of your devotion.
You were very hungry.
You were a tree.
You visited 2 branches of the dungeon, and saw 7 of its levels.
You also visited: Sewer.

You collected 313 gold pieces.

Inventory:

Hand Weapons
 a - a +2 dagger
 b - a +0 blowgun
 f - a +0 shortbow of velocity
 t - a +0 trident (weapon)
 A - a +2 vampiric dagger
Missiles
 e - 25 poisoned needles
 w - a curare-tipped needle
 y - 89 arrows
Armour
 c - a +0 robe (melded)
 d - a +0 cloak (melded)
 l - a +0 pair of boots (melded)
 r - a +0 shield
 B - a +0 helmet (melded)
Wands
 p - a wand of acid (12)
 D - a wand of random effects (11)
Scrolls
 h - 9 scrolls of identify
 i - 4 scrolls of remove curse
 j - 5 scrolls of teleportation
 k - 2 scrolls of enchant armour
 v - a scroll of magic mapping
 z - 2 scrolls of immolation {unknown}
Potions
 m - a potion of degeneration
 o - 2 potions of might {unknown}
 q - a potion of mutation {unknown}
 u - 3 potions of magic
 x - 2 potions of haste {unknown}
 C - a potion of flight {unknown}
Comestibles
 g - 5 rations


   Skills:
 + Level 5.6 Fighting
 + Level 5.6 Short Blades
 + Level 3.2 Long Blades
 + Level 3.2 Axes
 + Level 3.2 Maces & Flails
 + Level 3.2 Polearms
 + Level 3.2 Staves
 + Level 3.2 Slings
 + Level 3.2 Bows
 + Level 3.2 Crossbows
 + Level 5.6 Throwing
 + Level 3.2 Armour
 + Level 4.2 Dodging
 + Level 8.5 Stealth
 + Level 3.2 Shields
 + Level 3.2 Unarmed Combat
 + Level 3.2 Spellcasting
 + Level 2.6 Conjurations
 + Level 2.6 Hexes
 + Level 2.6 Charms
 + Level 2.6 Summonings
 + Level 2.6 Necromancy
 + Level 2.6 Translocations
 + Level 2.6 Transmutations
 + Level 2.6 Fire Magic
 + Level 2.6 Ice Magic
 + Level 2.6 Air Magic
 + Level 2.6 Earth Magic
 + Level 2.6 Poison Magic
 + Level 3.5 Invocations
 + Level 3.2 Evocations


You had 13 spell levels left.
You didn't know any spells.
Your spell library was empty.

Dungeon Overview and Level Annotations

Branches:
Dungeon (6/15)             Temple (1/1) D:4

Altars:
Ashenzari
Cheibriados
Dithmenos
Elyvilon
Fedhas
Gozag
Hepliaklqana
Kikubaaqudgha
Makhleb
Nemelex Xobeh
Okawaru
Qazlal
Ru
Sif Muna
Trog
Uskayaw
Vehumet
Wu Jian
Xom
Yredelemnul
Zin
The Shining One


Innate Abilities, Weirdness & Mutations

Your experience applies equally to all skills.
((You have very sharp teeth.))
Your uncanny sense of smell can sniff out nearby items.


Message History

The orc wizard points at you and mumbles some strange words.
The magic dart hits you.
* * * LOW HITPOINT WARNING * * *
Unknown command.
It was a potion of lignification.
You turn into a tree.
Your +0 cloak melds into your body.
Your +0 helmet melds into your body.
Your +0 pair of boots melds into your body.
Your +0 robe melds into your body.
Your roots penetrate the ground.
You feel strangely stable.
The orc wizard points at you and mumbles some strange words.
The puff of frost hits you but does no damage.
The orc priest calls down the wrath of Beogh upon you.
Beogh smites you!
* * * LOW HITPOINT WARNING * * *
The orc wizard hits you with a +0 dagger.
* * * LOW HITPOINT WARNING * * *
The orc priest invokes the aid of Beogh against you.
Beogh smites you!
You die...
Your body rises from the dead as a mindless zombie.

...........#.....#
)^.........#.....#
######'#####.....#####
[............#'#(....#
.............#....#..#
.)...........'....#..#
.............#..###..#
#########'####.o###..#########
.......#....#..o♣......'.....#
.......#....#...oo.....#.....#
.......#....#..........#.....#
###########.########...#######
..........#.########...###...#
..........'..................#
..........#....(.............#
..........##########...###...#
....####....# ##### #####


You could see 2 orc priests and 2 orc wizards.

Vanquished Creatures
  Purgy (Sewer)
  3 ogres
  A centaur (D:4)
  2 scorpions
  A crimson imp (D:4)
  5 orc priests
  3 hounds
  An iguana (D:4)
  4 orc wizards
  4 worker ants
  Robin (D:4)
  2 adders
  An ooze (D:4)
  An adder skeleton (D:5)
  5 worms
  2 dart slugs
  5 leopard geckos
  22 orcs
  2 ball pythons
  7 giant cockroaches
  17 goblins
  14 hobgoblins
  4 jackals (D:4)
  7 kobolds
  A quokka (D:4)
  10 bats
  8 frilled lizards
  11 rats
145 creatures vanquished.

Notes
Turn   | Place    | Note
-------+----------+-------------------------------------------
     0 | D:1      | vishdafish the Gnoll Assassin began the quest for the Orb.
     0 | D:1      | Reached XP level 1. HP: 20/20 MP: 1/1
   123 | D:1      | Reached XP level 2. HP: 26/26 MP: 2/2
   821 | D:2      | Reached XP level 3. HP: 30/31 MP: 3/3
  1007 | D:2      | Reached skill level 1 in Invocations
  1535 | D:2      | Reached skill level 1 in Long Blades
  1535 | D:2      | Reached skill level 1 in Axes
  1535 | D:2      | Reached skill level 1 in Maces & Flails
  1535 | D:2      | Reached skill level 1 in Polearms
  1535 | D:2      | Reached skill level 1 in Staves
  1535 | D:2      | Reached skill level 1 in Slings
  1535 | D:2      | Reached skill level 1 in Bows
  1535 | D:2      | Reached skill level 1 in Crossbows
  1535 | D:2      | Reached skill level 1 in Armour
  1535 | D:2      | Reached skill level 1 in Shields
  1535 | D:2      | Reached skill level 1 in Unarmed Combat
  1535 | D:2      | Reached skill level 1 in Spellcasting
  1535 | D:2      | Reached skill level 1 in Evocations
  1852 | D:3      | Reached XP level 4. HP: 24/38 MP: 5/5
  2066 | D:3      | Reached skill level 1 in Conjurations
  2066 | D:3      | Reached skill level 1 in Hexes
  2066 | D:3      | Reached skill level 1 in Charms
  2066 | D:3      | Reached skill level 1 in Summonings
  2066 | D:3      | Reached skill level 1 in Necromancy
  2066 | D:3      | Reached skill level 1 in Translocations
  2066 | D:3      | Reached skill level 1 in Transmutations
  2066 | D:3      | Reached skill level 1 in Fire Magic
  2066 | D:3      | Reached skill level 1 in Ice Magic
  2066 | D:3      | Reached skill level 1 in Air Magic
  2066 | D:3      | Reached skill level 1 in Earth Magic
  2066 | D:3      | Reached skill level 1 in Poison Magic
  2491 | D:3      | Found a stormy altar of Qazlal.
  2732 | D:4      | Reached XP level 5. HP: 43/43 MP: 5/7
  2801 | D:4      | Reached skill level 8 in Stealth
  2801 | D:4      | Reached XP level 6. HP: 27/50 MP: 8/8
  2972 | D:4      | Noticed Robin
  3013 | D:4      | Found a glowing drain.
  3017 | Sewer    | Entered a sewer
  3083 | Sewer    | Noticed Purgy
  3105 | Sewer    | Killed Purgy
  3105 | Sewer    | Reached skill level 5 in Fighting
  3105 | Sewer    | Reached skill level 5 in Short Blades
  3105 | Sewer    | Reached skill level 5 in Throwing
  3784 | D:4      | Reached XP level 7. HP: 16/56 MP: 10/10
  4184 | D:4      | Found a staircase to the Ecumenical Temple.
  4199 | Temple   | Entered the Ecumenical Temple
  4307 | Temple   | Became a worshipper of Yredelemnul the Dark
  4371 | D:4      | Killed Robin
  4595 | D:4      | Found a white marble altar of Elyvilon.
  5267 | D:5      | Entered Level 5 of the Dungeon
  5847 | D:4      | Reached * piety under Yredelemnul
  5847 | D:4      | Reached XP level 8. HP: 35/63 MP: 12/12
  6708 | D:5      | Killed from afar by an orc priest

Skill      XL: |  1  2  3  4  5  6  7  8 |
---------------+-------------------------+-----
Invocations    | 1 2 3 |  3.5
Long Blades    | 1 2 3 |  3.2
Axes           | 1 2 3 |  3.2
Maces & Flails | 1 2 3 |  3.2
Polearms       | 1 2 3 |  3.2
Staves         | 1 2 3 |  3.2
Slings         | 1 2 3 |  3.2
Bows           | 1 2 3 |  3.2
Crossbows      | 1 2 3 |  3.2
Armour         | 1 2 3 |  3.2
Shields        | 1 2 3 |  3.2
Unarmed Combat | 1 2 3 |  3.2
Spellcasting   | 1 2 3 |  3.2
Evocations     | 1 2 3 |  3.2
Conjurations   | 1 2 |  2.6
Hexes          | 1 2 |  2.6
Charms         | 1 2 |  2.6
Summonings     | 1 2 |  2.6
Necromancy     | 1 2 |  2.6
Translocations | 1 2 |  2.6
Transmutations | 1 2 |  2.6
Fire Magic     | 1 2 |  2.6
Ice Magic      | 1 2 |  2.6
Air Magic      | 1 2 |  2.6
Earth Magic    | 1 2 |  2.6
Poison Magic   | 1 2 |  2.6
Dodging        | 3 4 |  4.2
Stealth        | 8 |  8.5
Fighting       | 5 |  5.6
Short Blades   | 5 |  5.6
Throwing       | 5 |  5.6

Action                   |  1- 3 |  4- 6 |  7- 9 || total
-------------------------+-------+-------+-------++-------
Melee: Dagger            |   127 |   124 |    27 ||   278
       Bite              |    18 |    19 |    14 ||    51
       Punch             |     1 |     3 |     1 ||     5
       Trident           |       |    88 |   125 ||   213
 Fire: Blowgun           |       |     8 |     4 ||    12
       Shortbow          |       |       |    98 ||    98
Evoke: Wand              |       |       |     2 ||     2
  Use: Scroll            |       |     6 |     1 ||     7
       Potion            |       |     2 |     3 ||     5
 Stab: Sleeping          |    22 |     5 |     3 ||    30
  Eat: Chunk             |     1 |     5 |     6 ||    12
       Ration            |     1 |       |     2 ||     3
Armor: Robe              |    18 |    42 |    44 ||   104
       Skin              |       |       |     1 ||     1
Dodge: Dodged            |    38 |   180 |   111 ||   329
